 Dungeon Crawl Stone Soup version 0.32-a0-666-ge8a88695a4 (webtiles) character file.

Game seed: 7121975409085703497

1774 ASSMAN the Skirmisher (level 8, -1/93 HPs)
             Began as a Minotaur Hunter on Mar 10, 2024.
             Slain by a wraith (4 damage)
             ... on level 7 of the Dungeon.
             The game lasted 00:10:50 (4904 turns).

ASSMAN the Skirmisher (Minotaur Hunter)             Turns: 4904, Time: 00:10:50

Health: -1/93      AC:  4    Str: 13 (16) XL:     8   Next: 80%
Magic:  7/7        EV: 12    Int:  4 (6)  God:
Gold:   368        SH:  5    Dex: 20 (22) Spells: 7/7 levels left

rFire   . . .        w - +0 orcbow
rCold   . . .        (shield currently unavailable)
rNeg    . . .        c - +0 leather armour
rPois   .            (helmet restricted)
rElec   .            (no cloak)
rCorr   .            (no gloves)
SInv    .            g - +0 pair of boots
Will    .....        t - amulet of reflection Stlth
                     u - +6 ring of dexterity
HPRegen 0.35/turn    (no ring)
MPRegen 0.10/turn

%: reflection
@: berserking, slowed
A: horns 2, retaliatory headbutt
a: no special abilities


You were on level 7 of the Dungeon.
You visited 1 branch of the dungeon, and saw 7 of its levels.

You collected 368 gold pieces.

Inventory:

Hand Weapons
 a - a +0 shortbow
 i - a +0 heavy war axe
 n - a +2 dagger of venom
 w - a +0 orcbow (weapon)
Missiles
 v - 7 poisoned darts
Armour
 c - a +0 leather armour (worn)
 g - a +0 pair of boots (worn)
Jewellery
 k - an amulet of magic regeneration
 t - an amulet of reflection (around neck)
 u - a +6 ring of dexterity (left hand)
Wands
 q - a wand of flame (32)
Scrolls
 b - 2 scrolls of butterflies
 d - 2 scrolls of enchant weapon {unknown}
 j - a scroll of revelation
 p - 2 scrolls of identify
 s - 2 scrolls of vulnerability
Potions
 h - 2 potions of curing
 l - a potion of berserk rage
 m - a potion of enlightenment {unknown}
 o - a potion of lignification {unknown}
 r - a potion of heal wounds {unknown}


   Skills:
 - Level 2.4 Fighting
 + Level 13.1 Ranged Weapons
 - Level 2.1 Dodging
 - Level 0.7 Stealth


You had 7 spell levels left.
You didn't know any spells.
Your spell library contained the following spells:

 Spells                   Type           Power      Damage    Failure   Level
 Inner Flame              Hex/Fire       0%         N/A       91%         3
 Irradiate                Conj/Alch      0%         3d11      100%        5
 Haunt                    Necr/Summ      0%         N/A       100%        7
 Borgnjor's Revivificati  Necr           0%         N/A       100%        8
 Ignition                 Fire           0%         3d3       100%        8
 Death's Door             Necr           0%         N/A       100%        9


Dungeon Overview and Level Annotations

Branches:
Dungeon (7/15)
 Temple: D:4-7

Altars:
Ru
Xom

Annotations:
D:6 Menkaure


Innate Abilities, Weirdness & Mutations

You have a pair of horns on your head.
You reflexively headbutt those who attack you in melee.


Message History

The kobold shouts!
The arrow hits the vampire mosquito!
The vampire mosquito is moderately damaged.
You hear a shout! x2
The vampire mosquito barely misses you. The vampire mosquito bites you.
* * * LOW HITPOINT WARNING * * *
The vampire mosquito draws strength from your injuries!
Unknown command.
Fire: w) +0 orcbow
Press: ? - help, Q - select action, (/) - cycle Shift-Dir - straight line, f/p - vampire mosquito
Aim: a vampire mosquito (moderately damaged, 50% to hit)
You shoot an arrow. The arrow hits the vampire mosquito!
The vampire mosquito is severely damaged.
Your surroundings suddenly seem different.
A slime creature, a skeletal warrior, a boulder beetle and 2 wraiths come into view.
Found eight items.
The slime creature quivers.
The slime creature moves out of view.
Okay, then.
Okay, then.
Found crude gold dragon scales and a lightning rod (4/4).
The boulder beetle leaps!
Okay, then.
It was a potion of degeneration.
There was something very wrong with that liquid.
You feel weakened.
You feel dopey.
You feel clumsy.
The boulder beetle leaps!
The skeletal warrior hits you with a +0 scimitar.
* * * LOW HITPOINT WARNING * * *
It was a potion of berserk rage.
A red film seems to cover your vision as you go berserk!
You feel yourself moving faster!
You feel mighty! The wraith hits you!
* * * LOW HITPOINT WARNING * * *
The wraith drains your vigour!
You feel yourself slow down.
The skeletal warrior hits you with a +0 scimitar!
* * * LOW HITPOINT WARNING * * *
You are too berserk!
Unknown command.
You closely miss the skeletal warrior. The wraith hits you.
You die...

### #.. ## #.## ..# #.##
##############.###### #.##
#.##.#######.#.#....# #.##
##.##...)[JW@.#.#....# ###...
#...###}[#[z###.#....###...##
##...## #W###..#............
#..#..# )|°###.#..#+######.##
##†#.#.####.###....##.# #.#
#...#...###.###.#####.####
#.# ##..#.#..###B##..#
#.##.###.# #..#.#.#..##.##.##
#.##.....##
##.........##.#..#
#.##.####..


You could see a boulder beetle, a skeletal warrior, a slime creature and 2
wraiths.

Vanquished Creatures
  Grinder (D:5)
  Duvessa (D:6)
  A black bear (D:4)
  A sky beast (D:7)
  An ogre (D:4)
  A centaur (D:7)
  2 phantoms (D:5)
  Blork the orc (D:5)
  A kobold brigand (D:7)
  5 scorpions
  A bullfrog (D:7)
  Dowan (D:6)
  A hound (D:4)
  A jelly (D:5)
  2 orc priests
  3 iguanas
  An orc wizard (D:7)
  4 adders
  4 gnolls
  A white imp (D:7)
  2 ufetubi (D:6)
  4 ribbon worms
  12 orcs
  4 bats
  11 endoplasms
  3 giant cockroaches
  13 goblins
  6 hobgoblins
  12 jackals
  2 quokkas
  11 ball pythons
  5 frilled lizards
  9 kobolds
  7 rats
135 creatures vanquished.

Notes
Turn   | Place    | Note
-------+----------+-------------------------------------------
     0 | D:1      | ASSMAN the Minotaur Hunter began the quest for the Orb.
     0 | D:1      | Reached XP level 1. HP: 18/18 MP: 0/0
   114 | D:1      | Reached XP level 2. HP: 25/25 MP: 1/1
   130 | D:1      | Reached skill level 5 in Ranged Weapons
   263 | D:1      | Reached XP level 3. HP: 30/30 MP: 2/2
   618 | D:1      | Found a faded altar of an unknown god.
   851 | D:2      | Reached skill level 6 in Ranged Weapons
  1099 | D:2      | Reached XP level 4. HP: 24/37 MP: 3/3
  2171 | D:3      | Reached skill level 7 in Ranged Weapons
  2171 | D:3      | Reached XP level 5. HP: 32/42 MP: 4/4
  2572 | D:4      | Reached skill level 8 in Ranged Weapons
  2661 | D:4      | Reached XP level 6. HP: 50/50 MP: 5/5
  3078 | D:3      | Reached skill level 9 in Ranged Weapons
  3206 | D:4      | Found a sacrificial altar of Ru.
  3207 | D:4      | Found a shimmering altar of Xom.
  3478 | D:4      | Reached XP level 7. HP: 30/56 MP: 6/6
  3597 | D:5      | Entered Level 5 of the Dungeon
  3686 | D:5      | Noticed Blork the orc
  3695 | D:5      | Killed Blork the orc
  3696 | D:5      | Reached skill level 10 in Ranged Weapons
  3744 | D:5      | Noticed Grinder
  3751 | D:5      | Killed Grinder
  3761 | D:5      | Reached skill level 11 in Ranged Weapons
  3762 | D:5      | Reached XP level 8. HP: 38/62 MP: 7/7
  4170 | D:6      | Noticed Dowan
  4171 | D:6      | Noticed Duvessa
  4189 | D:6      | Killed Duvessa
  4191 | D:6      | Killed Dowan
  4311 | D:6      | Reached skill level 12 in Ranged Weapons
  4423 | D:6      | Noticed Menkaure
  4877 | D:7      | Reached skill level 13 in Ranged Weapons
  4900 | D:7      | Noticed a slime creature
  4900 | D:7      | Noticed a skeletal warrior
  4900 | D:7      | Noticed a boulder beetle
  4903 | D:7      | HP: 2/93 [skeletal warrior/+0 scimitar (7)]
  4904 | D:7      | Slain by a wraith

Illustrated notes

Levels and vault maps discovered:
D:1:      minmay_arrival_stone_box, layout_loops_ring,
          shapermc_ecumenical_altar_venn, st_stairs_1, kennysheep_another_room
D:2:      layout_rooms
D:3:      layout_loops_ring
D:4:      layout_layer_cave, mainiacjoe_overflow_divided_tiny
D:5:      layout_basic, uniq_blork_the_orc, uniq_grinder
D:6:      layout_basic, minmay_temple_entry_slanted, minmay_manual_monstrance,
          uniq_duvessa, uniq_menkaure
D:7:      minmay_the_grid_triangle_9x9_rhombus_thin
          [minmay_the_grid_triangle_9x9_limited_checkers,
          minmay_the_grid_triangle_9x9_prize_insulated,
          minmay_the_grid_triangle_9x9_checkered,
          minmay_the_grid_triangle_9x9_intruding_spiral], layout_basic,
          lemuel_coloured_pillars_altar, nicolae_overflow_crystal_walls,
          serial_shops, shop

Skill      XL: |  1  2  3  4  5  6  7  8 |
---------------+-------------------------+-----
Ranged Weapons | 5 6 7 8 9 11 13 | 13.1
Fighting       | |  2.4
Dodging        | |  2.1
Stealth        | |  0.7

Action                     |  1- 3 |  4- 6 |  7- 9 || total
---------------------------+-------+-------+-------++-------
  Melee: Orcbow            |       |       |     1 ||     1
   Fire: Shortbow          |   137 |   214 |   158 ||   509
         Orcbow            |       |       |    18 ||    18
    Use: Scroll            |     5 |     3 |     3 ||    11
         Potion            |       |       |     4 ||     4
 Armour: Leather armour    |    36 |    57 |    60 ||   153
  Dodge: Dodged            |    29 |    49 |    55 ||   133
  Block: Other             |       |       |     5 ||     5
         Reflection        |       |       |     1 ||     1

Table legend: (Time is in decaauts)
 A = Elapsed time spent in this place.
 B = Non-inter-level travel time spent in this place.
 C = Inter-level travel time spent in this place.
 D = Time resting spent in this place.
 E = Time spent auto-exploring this place.
 F = Levels seen in this place.
 G = Mean time per level.
                   A        B        C        D        E       F      G
               +--------+--------+--------+--------+--------+-----+--------+
         Total |   4912 |   4691 |    221 |    304 |   3571 |   7 |  701.7 |
       Dungeon |   4912 |   4691 |    221 |    304 |   3571 |   7 |  701.7 |
               +--------+--------+--------+--------+--------+-----+--------+

Top non-repeatable levels by time:
     D:4: 1255 daAuts
     D:3: 884 daAuts
     D:1: 824 daAuts
     D:2: 668 daAuts
     D:5: 497 daAuts
     D:7: 461 daAuts
     D:6: 320 daAuts
